 Dungeon Crawl Stone Soup version 0.28-a0-247-gb8bfbab023 (webtiles) character file.

Game seed: 1449407761837564051

132 siradein the Slasher (level 4, 0/40 HPs)
             Began as a Deep Dwarf Berserker on Aug 25, 2021.
             Was a Believer of Trog.
             Killed by divine providence
             ... invoked by an orc priest
              (11 damage)
             ... on level 4 of the Dungeon.
             The game lasted 00:05:39 (2028 turns).

siradein the Slasher (Deep Dwarf Berserker)         Turns: 2028, Time: 00:05:41

Health: 0/40       AC:  5    Str: 22    XL:     4   Next: 92%
Magic:  4/4        EV:  8    Int:  7    God:    Trog [**....]
Gold:   63         SH:  6    Dex: 12    Spells: 3/3 levels left

rFire   . . .      SeeInvis .   a - +0 falchion
rCold   . . .      Faith    .   g - +0 kite shield
rNeg    . . .      Spirit   .   m - +0 ring mail
rPois   .          Reflect  .   (no helmet)
rElec   .          Harm     .   (no cloak)
rCorr   .          Rampage  .   (no gloves)
Will    ++...                   (no boots)
Stlth   +.........              (no amulet)
HPRegen 1.00/turn               (no ring)
MPRegen 0.09/turn               (no ring)

@: strong-willed, on berserk cooldown, regenerating, slowed, very slow
A: damage resistance, heal wounds, sense surroundings 1, no regeneration
a: Heal Wounds, Renounce Religion, Berserk, Trog's Hand


You were on level 4 of the Dungeon.
You worshipped Trog.
Trog was pleased with you.
You visited 1 branch of the dungeon, and saw 4 of its levels.

You collected 63 gold pieces.

Inventory:

Hand Weapons
 a - a +0 falchion (weapon)
Missiles
 d - 27 poisoned darts (quivered)
Armour
 g - a +0 kite shield (worn)
 m - a +0 ring mail (worn)
Jewellery
 p - an amulet of magic regeneration
Wands
 n - a wand of flame (12)
 q - a wand of iceblast (7)
Scrolls
 b - 3 scrolls of enchant weapon {unknown}
 e - 4 scrolls of identify {unknown}
 f - 6 scrolls of teleportation {unknown}
 i - a scroll of magic mapping {unknown}
 j - a scroll of amnesia {unknown}
 k - a scroll of summoning {unknown}
 o - a scroll of brand weapon {unknown}
 r - a scroll of silence {unknown}
 s - a scroll of noise {unknown}
Potions
 c - 4 potions of curing {unknown}
 h - a potion of flight {unknown}
 l - 2 potions of lignification {unknown}


   Skills:
 - Level 2.6 Fighting
 + Level 5.7 Long Blades
 - Level 2.1 Armour
 - Level 2.1 Dodging


You had 3 spell levels left.
You didn't know any spells.
Your spell library was empty.

Dungeon Overview and Level Annotations

Branches:
Dungeon (4/15)
 Temple: D:4-7

Altars:
Fedhas

Shops:
D:1 :   D:3 [


Innate Abilities, Weirdness & Mutations

You are resistant to damage.
You can heal yourself by infusing magical energy.
You passively map a small area around you.
You do not regenerate.


Message History

You miss the adder. You block the adder's attack. The orc barely misses you.
You barely miss the adder. The adder bites you.
* * * LOW HITPOINT WARNING * * *
You are poisoned.
The adder poisons you! The orc barely misses you.
You riposte.
You completely miss the orc. You hit the orc priest.
The orc priest is moderately wounded.
The adder bites you but does no damage.
The orc splashes around in the water.
The orc priest closely misses you.
You riposte.
You barely miss the orc priest.
The orc priest is moderately wounded.
The orc hits you with a +0 short sword. The adder barely misses you.
You barely miss the orc priest.
The orc priest is moderately wounded.
You are no longer berserk.
You are exhausted.
You feel yourself slow down. The orc hits you with a +0 whip.
The orc priest hits you with a +0 hand axe.
* * * LOW HITPOINT WARNING * * *
The adder bites you.
* * * LOW HITPOINT WARNING * * *
The orc barely misses you.
You hit the orc priest but do no damage.
The orc priest is moderately wounded.
The adder barely misses you.
You riposte.
You hit the adder but do no damage.
The orc splashes around in the water.
The orc priest barely misses you.
You riposte.
You slash the orc priest!
The orc priest is almost dead.
You block the orc's attack. The adder bites you but does no damage.
The orc closely misses you.
The orc priest hits you with a +0 hand axe.
The orc hits you with a +0 short sword.
* * * LOW HITPOINT WARNING * * *
You hit the orc priest but do no damage.
The orc priest is almost dead.
You are no longer poisoned.
The adder bites you but does no damage.
The orc splashes around in the water.
The orc priest calls down the wrath of Beogh upon you.
Beogh smites you!
You die...

≈≈.P♣.♣≈≈≈o.. ,
≈≈≈>♣_P<≈≈≈≈.# , ,
, ≈≈≈≈.PPPP≈≈≈≈.# .
,
..≈≈≈≈..P≈≈≈≈..#..
,
#.≈≈≈≈≈≈≈≈≈≈≈.....,
,
#..≈≈≈≈≈≈≈≈≈......
, ...≈≈≈≈≈≈≈.......
###...≈≈oSo.......
#........@oo......
#......#†##.######
#........#*...,, ,
#......### ..... **
#......# ...... ,
#......# #.....
#######......#
.....
#.....<......# * ,
, , #............#
, *


You could see an orc priest, an adder and 3 orcs.

Vanquished Creatures
  An orc wizard (D:4)
  3 adders
  2 worms
  4 dart slugs (D:1)
  3 ball pythons
  9 endoplasms
  3 giant cockroaches
  A hobgoblin (D:1)
  3 jackals (D:1)
  9 kobolds
  8 bats
  3 frilled lizards
  7 goblins
  6 rats
62 creatures vanquished.

Vanquished Creatures (others)
  A hobgoblin (D:3)
1 creature vanquished.

Grand Total: 63 creatures vanquished

Notes
Turn   | Place    | Note
-------+----------+-------------------------------------------
     0 | D:1      | siradein the Deep Dwarf Berserker began the quest for the
                  | Orb.
     0 | D:1      | Reached XP level 1. HP: 20/20 MP: 1/1
     7 | D:1      | Found a faded altar of an unknown god.
    93 | D:1      | Reached XP level 2. HP: 24/27 MP: 2/2
   165 | D:1      | Reached skill level 4 in Long Blades
   194 | D:1      | Found Dorull's Book Shop.
   394 | D:1      | Reached ** piety under Trog
   395 | D:1      | Reached XP level 3. HP: 22/33 MP: 3/3
  1267 | D:2      | Reached XP level 4. HP: 21/40 MP: 4/4
  1293 | D:2      | Reached skill level 5 in Long Blades
  1535 | D:3      | Found Qanixat's Antique Armour Boutique.
  2006 | D:4      | Found a blossoming altar of Fedhas.
  2028 | D:4      | Killed from afar by an orc priest

Illustrated notes

Levels and vault maps discovered:
D:1:      shiori_arrival_oz, layout_rooms, serial_co_window_serial,
          co_window_paths_b, co_window_corner_a, co_window_paths_a,
          co_window_paths_a, co_window_of_opportunity_a, co_window_paths_c,
          co_window_corner_b, co_window_broadway_c, co_window_corner_b,
          co_window_paths_c, co_window_cross_3, co_window_paths_e,
          glass_columns_a, chequers_ecumenical_altar_simple, serial_shops, shop,
          hangedman_abyss_or_decor_lesser_grid
D:2:      layout_basic
D:3:      layout_loops_cross, serial_shops, shop, due_unseen_surprise
D:4:      layout_basic, fedhas_ov_isle_minmay, minmay_temple_entry_crystal_x,
          uniq_pikel

Skill      XL: |  1  2  3  4 |
---------------+-------------+-----
Long Blades    | 4 5 |  5.7
Fighting       | |  2.6
Armour         | |  2.1
Dodging        | |  2.1

Action                   |  1- 3 |  4- 6 || total
-------------------------+-------+-------++-------
Melee: Falchion          |   137 |    72 ||   209
Invok: Trog's Hand       |     3 |     3 ||     6
       Berserk           |     1 |     1 ||     2
 Stab: Sleeping          |     1 |       ||     1
Armor: Animal skin       |    34 |       ||    34
       Ring mail         |       |    39 ||    39
Dodge: Dodged            |    84 |    36 ||   120
Block: Kite shield       |    23 |    27 ||    50
       Rpst.: Falchion   |    24 |    12 ||    36

Table legend: (Time is in decaauts)
 A = Elapsed time spent in this place.
 B = Non-inter-level travel time spent in this place.
 C = Inter-level travel time spent in this place.
 D = Time resting spent in this place.
 E = Time spent auto-exploring this place.
 F = Levels seen in this place.
 G = Mean time per level.
                   A        B        C        D        E       F      G
               +--------+--------+--------+--------+--------+-----+--------+
         Total |   2091 |   2025 |     66 |      0 |   1425 |   4 |  522.8 |
       Dungeon |   2091 |   2025 |     66 |      0 |   1425 |   4 |  522.8 |
               +--------+--------+--------+--------+--------+-----+--------+

Top non-repeatable levels by time:
     D:1: 871 daAuts
     D:3: 628 daAuts
     D:2: 557 daAuts
     D:4: 34 daAuts
